 Dungeon Crawl Stone Soup version 0.31.0-12-g77e489cdc1 (webtiles) character file.

Game seed: 16627125652047312699

95 mopl the Sneak (level 4, -3/33 HPs)
             Began as a Draconian Enchanter on Feb 11, 2024.
             Killed from afar by Natasha (7 damage)
             ... with a magic dart
             ... on level 3 of the Dungeon.
             The game lasted 00:02:16 (1536 turns).

mopl the Sneak (Draconian Enchanter)                Turns: 1536, Time: 00:02:17

Health: -3/33      AC:  0    Str: 11    XL:     4   Next: 40%
Magic:  1/8        EV: 14    Int: 17    God:
Gold:   80         SH:  0    Dex: 11    Spells: 0/8 levels left

rFire   . . .        a - melded +1 dagger
rCold   . . .        (shield currently unavailable)
rNeg    . . .        (body armour unavailable)
rPois   .            (helmet currently unavailable)
rElec   .            (cloak currently unavailable)
rCorr   .            (gloves currently unavailable)
SInv    .            h - melded +0 pair of boots
Will    .....        (no amulet)
Stlth   ++           (ring currently unavailable)
HPRegen 0.25/turn    (ring currently unavailable)
MPRegen 0.11/turn

%: no passive effects
@: pig-form, slowed
A: fast, no casting, AC +5, small, unfitting armour, (cold-blooded)
a: no special abilities


You were on level 3 of the Dungeon.
You were a filthy swine.
You visited 1 branch of the dungeon, and saw 3 of its levels.

You collected 80 gold pieces.

Inventory:

Hand Weapons
 a - a +1 dagger (melded)
Missiles
 f - 6 poisoned darts
Armour
 h - a +0 pair of boots (melded)
 j - a +0 buckler
Scrolls
 d - a scroll of fear {unknown}
 g - a scroll of noise {unknown}
 i - a scroll of butterflies {unknown}
Potions
 b - 3 potions of invisibility
 c - a potion of curing {unknown}
 e - a potion of resistance {unknown}
 k - a potion of haste {unknown}


   Skills:
 + Level 1.9 Short Blades
 - Level 1.7 Dodging
 * Level 3.5 Stealth
 * Level 2.8 Spellcasting
 * Level 3.3 Hexes


You couldn't memorise any spells.
You knew the following spells:

 Your Spells              Type           Power      Damage    Failure   Level
b - Ensorcelled Hibernat  Hex/Ice        16%        N/A       14%         2
c - Confusing Touch       Hex            13%        N/A       14%         3
d - Tukima's Dance        Hex            13%        N/A       14%         3

Your spell library contained the following spells:

 Spells                   Type           Power      Damage    Failure   Level
 Dazzling Flash           Conj/Hex       16%        N/A       26%         3


Dungeon Overview and Level Annotations

Branches:
Dungeon (3/15)

Altars:

Annotations:
D:3 Natasha


Innate Abilities, Weirdness & Mutations

You are a filthy swine.
You move quickly.
Your equipment is almost entirely melded.
You are incapable of wielding weapons or throwing items.
You cannot cast spells.
((Your plain brown scales are hard. (AC +5)))
You cannot fit into any form of body armour.
((You are cold-blooded and may be slowed by cold attacks.))


Message History

Natasha zaps a wand.
You resist with some effort.
Natasha stares at you and mumbles some strange words.
The magic dart hits you.
Natasha zaps a wand.
You resist with some effort.
Casting: Ensorcelled Hibernation (safe; 14% risk of failure)
Confirm with . or Enter, or press ? or * to list all spells.
Aiming: Ensorcelled Hibernation (safe; 14% risk of failure)
Press: ? - help, Shift-Dir - straight line, f/p - gnoll
Aim: a gnoll, wielding a +0 club (chance to affect: 50%)
You miscast Ensorcelled Hibernation.
You are very lightly contaminated with residual magic.
Nothing appears to happen.
Natasha zaps a wand.
You turn into a filthy swine.
Your +1 dagger melds into your body.
Your +0 pair of boots melds into your body.
Unknown command.
Natasha claws you.
You barely miss Natasha. Natasha completely misses you.
You barely miss Natasha. Natasha casts a spell at you.
You feel yourself slow down.
You hit Natasha.
Natasha is lightly wounded.
Natasha casts a spell at you.
You feel as though you will be slow longer.
Natasha claws you.
* * * LOW HITPOINT WARNING * * *
You miss Natasha.
Natasha is lightly wounded.
Natasha claws you.
* * * LOW HITPOINT WARNING * * *
Your magical contamination has completely faded away.
You closely miss Natasha.
Natasha is lightly wounded.
Natasha barely misses you.
You hit Natasha.
Natasha is moderately wounded.
Natasha casts a spell at you. The magic dart hits you!
You die...
Natasha curls up and begins to purr.

### ### #.# #.#
#.###############.#.
#..ggghh..........#.#
#.###############.#.#
###.##..g)g# #.#.####
#.....g###.# #.#.#...
###....# # #†#.#.~~
#....# #.#...~.
#...J# .######.#.....
#......
........#.#...
+.......
.##.......#...


You could see Natasha and 3 gnolls.

Vanquished Creatures
  A gnoll (D:3)
  4 adders (D:2)
  A dart slug (D:2)
  2 ribbon worms
  An endoplasm (D:2)
  2 giant cockroaches (D:2)
  5 goblins
  7 hobgoblins
  5 jackals
  A quokka (D:2)
  3 ball pythons (D:1)
  3 bats
  A frilled lizard (D:2)
  3 kobolds (D:1)
  3 rats
42 creatures vanquished.

Notes
Turn   | Place    | Note
-------+----------+-------------------------------------------
     0 | D:1      | mopl the Draconian Enchanter began the quest for the Orb.
     0 | D:1      | Reached XP level 1. HP: 14/14 MP: 3/3
   215 | D:1      | Reached XP level 2. HP: 20/20 MP: 5/5
   218 | D:1      | Learned a level 2 spell: Ensorcelled Hibernation
   703 | D:2      | Reached XP level 3. HP: 26/26 MP: 1/6
   707 | D:2      | Learned a level 3 spell: Confusing Touch
  1079 | D:2      | Reached XP level 4. HP: 22/33 MP: 2/8
  1083 | D:2      | Learned a level 3 spell: Tukima's Dance
  1514 | D:3      | Noticed Natasha
  1536 | D:3      | Killed from afar by Natasha

Illustrated notes

Levels and vault maps discovered:
D:1:      beargit_arrival_greenhouse, layout_basic, minmay_distorted
D:2:      layout_basic
D:3:      kennysheep_six_static_rooms, layout_basic, lemuel_round_altar,
          minmay_overflow_temple_hex, chequers_serial_rivers_micro_c,
          grunt_ministairs_15, uniq_natasha

Skill      XL: |  1  2 |
---------------+-------+-----
Stealth        | 3 |  3.5
Hexes          | 3 |  3.3
Short Blades   | |  1.9
Dodging        | |  1.7
Spellcasting   | |  2.8

Action                     |  1- 3 |  4- 6 || total
---------------------------+-------+-------++-------
  Melee: Dagger            |   130 |    39 ||   169
         Tailslap          |    13 |     3 ||    16
         Punch             |     1 |     1 ||     2
         Unarmed           |       |     6 ||     6
   Cast: Ensorcelled Hiber |     7 |     3 ||    10
   Stab: Sleeping          |    11 |     7 ||    18
 Armour: Skin              |    70 |    25 ||    95
  Dodge: Dodged            |    98 |    20 ||   118
